 Dungeon Sprint DCSS version 0.31-a0-844-gdc52ec4e09 (webtiles) character file.

Game seed: 6294592284976068345

530 sircluck the Grappler (level 7, -1/79 HPs)
             Began as a Troll Berserker on Sept 29, 2023.
             Was a High Priest of Trog.
             Slain by a snapping turtle (26 damage)
             ... in the Dungeon (Sprint VII: "The Pits").
             The game lasted 00:00:32 (387 turns).

sircluck the Grappler (Troll Berserker)              Turns: 387, Time: 00:00:33

Health: -1/79      AC:  4    Str: 28    XL:     7   Next: 3%
Magic:  6/6        EV: 11    Int:  3    God:    Trog [*****.]
Gold:   0          SH:  0    Dex:  9    Spells: 6/6 levels left

rFire   . .          .
                       - Unarmed
rCold   . . .        (no shield)
rNeg    . . .        a - +0 animal skin
rPois   .            (helmet restricted)
rElec   .            (no cloak)
rCorr   .            (gloves unavailable)
SInv    .            (boots unavailable)
Will    .....        (no amulet)
Stlth   +            (no ring)
HPRegen 1.13/turn    (no ring)
MPRegen 0.10/turn

%: no teleportation
@: no status effects
A: large, unfitting armour, claws 3, regeneration 1, shaggy fur 1, tough skin 1
a: Renounce Religion, Berserk, Trog's Hand, Brothers in Arms


You were in the Dungeon.
You worshipped Trog.
Trog was extremely pleased with you.
You visited 1 branch

Inventory:

Armour
 a - a +0 animal skin (worn)
Scrolls
 g - a scroll of blinking
 i - 2 scrolls of vulnerability
 j - a scroll of butterflies
Potions
 b - 6 potions of curing
 c - 6 potions of heal wounds
 d - a potion of haste
 e - 4 potions of magic
 f - 3 potions of berserk rage
 h - 2 potions of invisibility


   Skills:
 + Level 7.8 Fighting
 + Level 7.7 Dodging
 + Level 9.2 Unarmed Combat


You had 6 spell levels left.
You didn't know any spells.
Your spell library was empty.

Dungeon Overview and Level Annotations

Branches:
Dungeon (1/1)

Altars:
Ashenzari
Cheibriados
Dithmenos
Elyvilon
Fedhas
Gozag
Hepliaklqana
Kikubaaqudgha
Makhleb
Nemelex Xobeh
Okawaru
Qazlal
Ru
Sif Muna
Trog
Uskayaw
Vehumet
Wu Jian
Xom
Yredelemnul
Zin
The Shining One
Jiyva
Lugonu


Innate Abilities, Weirdness & Mutations

You are too large for most types of armour.
You have claws for hands.
Your natural rate of healing is unusually fast.
You are covered in fur. (AC +1)
You have tough skin. (AC +1)


Message History

A rat comes into view.
There is an open door here.
The helpless rat fails to defend itself.
You claw the rat!
You kill the rat!
Trog accepts your kill.
No target in view!
No target in view!
No target in view!
No target in view!
No target in view!
No target in view!
No target in view!
You open the door.
A snapping turtle comes into view.
The snapping turtle hisses angrily.
The snapping turtle bites you!!
There is an open door, spattered with blood here.
You claw the snapping turtle!
The snapping turtle is lightly wounded.
The snapping turtle barely misses you.
You barely miss the snapping turtle.
The snapping turtle is lightly wounded.
You scratch the snapping turtle but do no damage.
Your claw misses the snapping turtle.
The snapping turtle is lightly wounded.
The snapping turtle bites you.
You claw the snapping turtle!
The snapping turtle is moderately wounded.
The snapping turtle bites you!
You claw the snapping turtle!
The snapping turtle is heavily wounded.
The snapping turtle bites you but does no damage.
You scratch the snapping turtle.
The snapping turtle is heavily wounded.
The snapping turtle bites you!!
You scratch the snapping turtle.
The snapping turtle is heavily wounded.
The snapping turtle bites you!!
You die...

#.#..[)))..##.......#
#.#..[)))..##.......#
#'###########.......#
#.......# #########
#.###...# #.#.....#
#.#...#.#+#
#.....#.#t+
#.†.###.#@#
#.).....'.#
###########


You could see a snapping turtle.

Vanquished Creatures
  A warg (D)
  A floating eye (D)
  2 sky beasts (D)
  A scorpion (D)
  An iron imp (D)
  2 mummies (D)
  An adder (D)
  An ufetubus (D)
  An adder skeleton (D)
  A bat (D)
  A kobold (D)
  2 frilled lizards (D)
  2 rats (D)
17 creatures vanquished.

Notes
Turn   | Place    | Note
-------+----------+-------------------------------------------
     0 | D        | sircluck the Troll Berserker began the quest for the Orb.
     0 | D        | Reached XP level 1. HP: 22/22 MP: 0/0
    11 | D        | Noticed a scorpion
    16 | D        | Killed a scorpion
    17 | D        | Reached skill level 5 in Unarmed Combat
    17 | D        | Reached XP level 2. HP: 13/32 MP: 1/1
    17 | D        | Reached XP level 3. HP: 16/39 MP: 2/2
    21 | D        | Found a bloodstained altar of Trog.
    21 | D        | Found a shimmering blue altar of Sif Muna.
    21 | D        | Found a viscous altar of Jiyva.
    21 | D        | Found a hazy altar of Hepliaklqana.
    21 | D        | Found an opulent altar of Gozag.
    22 | D        | Found a glowing golden altar of the Shining One.
    22 | D        | Found a glowing silver altar of Zin.
    22 | D        | Found a basalt altar of Yredelemnul.
    22 | D        | Found a shimmering altar of Xom.
    22 | D        | Found an ornate altar of the Wu Jian Council.
    22 | D        | Found a sacrificial altar of Ru.
    22 | D        | Found a stormy altar of Qazlal.
    22 | D        | Found an iron altar of Okawaru.
    22 | D        | Found a sparkling altar of Nemelex Xobeh.
    22 | D        | Found a burning altar of Makhleb.
    22 | D        | Found a blossoming altar of Fedhas.
    22 | D        | Found a white marble altar of Elyvilon.
    22 | D        | Found a shadowy altar of Dithmenos.
    22 | D        | Found a snail-covered altar of Cheibriados.
    25 | D        | Found a corrupted altar of Lugonu.
    25 | D        | Found a radiant altar of Vehumet.
    26 | D        | Found an ancient bone altar of Kikubaaqudgha.
    26 | D        | Found a hide-covered altar of Uskayaw.
    26 | D        | Found a broken altar of Ashenzari.
    82 | D        | Noticed a floating eye
    84 | D        | Killed a floating eye
    84 | D        | Reached ** piety under Trog
    85 | D        | Reached skill level 5 in Fighting
    85 | D        | Reached skill level 5 in Dodging
    85 | D        | Reached skill level 6 in Unarmed Combat
    85 | D        | Reached XP level 4. HP: 52/52 MP: 3/3
    85 | D        | Reached XP level 5. HP: 59/59 MP: 4/4
    96 | D        | Reached *** piety under Trog
   100 | D        | Reached skill level 7 in Unarmed Combat
   144 | D        | Noticed a sky beast
   144 | D        | Noticed a sky beast
   158 | D        | Killed a sky beast
   158 | D        | Reached **** piety under Trog
   159 | D        | Reached XP level 6. HP: 68/68 MP: 5/5
   162 | D        | Killed a sky beast
   163 | D        | Reached skill level 8 in Unarmed Combat
   320 | D        | Noticed a warg
   326 | D        | Killed a warg
   327 | D        | Reached skill level 9 in Unarmed Combat
   331 | D        | Reached XP level 7. HP: 46/79 MP: 6/6
   333 | D        | Reached ***** piety under Trog
   379 | D        | Noticed a snapping turtle
   387 | D        | Slain by a snapping turtle

Illustrated notes

Levels and vault maps discovered:
D:        pitsprint [storerooms_1, entrance_room_1, metal_vault_3, armoury_3,
          mini_pit_1, grid_room_1, main_hall_1, silver_pit, the_coven_1,
          the_vestibule_1, steel_vault_3, golden_pit, hallway_of_sentries,
          crystal_vault_5, iron_vault_1, final_vault]

Skill      XL: |  1  2  3  4  5  6 |
---------------+-------------------+-----
Fighting       | 4 5 6 7 |  7.8
Dodging        | 4 5 6 7 |  7.7
Unarmed Combat | 5 6 7 9 |  9.2

Action                     |  1- 3 |  4- 6 |  7- 9 || total
---------------------------+-------+-------+-------++-------
  Melee: Unarmed           |    10 |    32 |    14 ||    56
 Invoke: Berserk           |       |     1 |       ||     1
   Stab: Sleeping          |       |       |     1 ||     1
 Armour: Animal skin       |    10 |    23 |    10 ||    43
  Dodge: Dodged            |     2 |    15 |     2 ||    19

Table legend: (Time is in decaauts)
 A = Elapsed time spent in this place.
 B = Non-inter-level travel time spent in this place.
 C = Inter-level travel time spent in this place.
 D = Time resting spent in this place.
 E = Time spent auto-exploring this place.
 F = Levels seen in this place.
 G = Mean time per level.
                   A        B        C        D        E       F      G
               +--------+--------+--------+--------+--------+-----+--------+
         Total |    392 |    392 |      0 |    164 |    109 |   1 |  392.0 |
       Dungeon |    392 |    392 |      0 |    164 |    109 |   1 |  392.0 |
               +--------+--------+--------+--------+--------+-----+--------+

Top non-repeatable levels by time:
       D: 392 daAuts
